 Dungeon Crawl Stone Soup version 0.25-a0-803-g58bd18402a (webtiles) character file.

Game seed: 14648278463465066305, levelgen mode: deterministic

8 Maedhros the Charlatan (level 2, 0/18 HPs)
             Began as an Octopode Artificer on Apr 19, 2020.
             Succumbed to an adder's poison
             ... on level 2 of the Dungeon.
             The game lasted 00:01:51 (302 turns).

Maedhros the Charlatan (Octopode Artificer)          Turns: 302, Time: 00:01:51

Health: 0/18       AC:  1    Str: 11    XL:     2   Next: 8%
Magic:  4/4        EV: 13    Int: 13    God:
Gold:   38         SH:  0    Dex: 12    Spells: 1/1 levels left

rFire    . . .     SeeInvis .   a - +0 short sword
rCold    . . .     Gourm    .   (no shield)
rNeg     . . .     Faith    .   (helmet restricted)
rPois    .         Spirit   .   (no amulet)
rElec    .         Reflect  .   (no ring)
rCorr    .         Harm     .   (no ring)
MR       .....                  (no ring)
Stlth    +++.......             (no ring)
HPRegen  0.06/turn              (no ring)
MPRegen  0.09/turn              (no ring)
                                (no ring)
                                (no ring)

@: lethally poisoned (0 -> -10)
A: almost no armour, stealthy swim, amphibious, 8 rings, constrict 8, camouflage
1, gelatinous body 1
a: no special abilities


You were on level 2 of the Dungeon.
You were not hungry.

You visited 1 branch of the dungeon, and saw 2 of its levels.

You collected 38 gold pieces.

Inventory:

Hand Weapons
 a - a +0 short sword (weapon)
Wands
 b - a wand of flame (15)
 c - a wand of enslavement (13)
 d - a wand of random effects (15)
Scrolls
 e - a scroll of teleportation {unknown}
 g - a scroll of random uselessness {unknown}
 h - a scroll of remove curse {unknown}
Comestibles
 f - 3 rations


   Skills:
 - Level 1.0 Fighting
 - Level 1.0 Short Blades
 - Level 2.0 Dodging
 + Level 1.9 Stealth
 * Level 1.1 Unarmed Combat
 + Level 3.4 Evocations


You had one spell level left.
You didn't know any spells.
Your spell library was empty.

Dungeon Overview and Level Annotations

Branches:
Dungeon (2/15)

Altars:
Nemelex Xobeh


Innate Abilities, Weirdness & Mutations

You cannot wear most types of armour.
You are very stealthy in the water. (Stealth+)
You are amphibious.
You can wear up to eight rings at the same time.
You can use your tentacles to constrict eight enemies at once.
Your skin changes colour to match your surroundings (Stealth+).
Your rubbery body absorbs attacks. (AC +1, EV +1)


Message History

The adder struggles to resist.
You feel sick. The adder barely misses you. The adder bites you.
You are lethally poisoned!
The adder poisons you!
Evoke which item? (* to show all) (? for menu, Esc to quit)
Aiming: Enslavement
Press: ? - help, Shift-Dir - straight line, f - adder
Aim: an adder (moderately wounded, chance to defeat MR: 65%)
The adder struggles to resist.
The adder bites you.
* * * LOW HITPOINT WARNING * * *
You aren't carrying any potions.
* * * LOW HITPOINT WARNING * * *
You feel sick.
* * * LOW HITPOINT WARNING * * *
You feel sick. The rat bites you.
* * * LOW HITPOINT WARNING * * *
The adder barely misses you.
You hit the rat.
You kill the rat!
You die...

#.##.####.#####..........#
#.<.......# #..........#
####.###### ###g........#
#..# #...###.##... ##.#
#.### .# .. #.# #g# .# #
#.# #S# .# #.# #S# #.# #@#
#.# #..# #.# #.## #.# #.
#. #. #. #.


You could see 2 adders and a goblin.

Vanquished Creatures
  A leopard gecko (D:2)
  A giant cockroach (D:1)
  A bat (D:1)
  A frilled lizard (D:1)
  A goblin (D:1)
  A kobold (D:1)
  3 rats
9 creatures vanquished.

Notes
Turn   | Place    | Note
-------+----------+-------------------------------------------
     0 | D:1      | Maedhros the Octopode Artificer began the quest for the
                  | Orb.
     0 | D:1      | Reached XP level 1. HP: 13/13 MP: 3/3
   136 | D:1      | Found a sparkling altar of Nemelex Xobeh.
   284 | D:2      | Reached skill level 1 in Unarmed Combat
   284 | D:2      | Reached XP level 2. HP: 18/18 MP: 4/4
   302 | D:2      | Succumbed to an adder's poison

Levels and vault maps discovered:
D:1:      dpeg_arrival_pond, layout_basic, nemelex_altar_shiori
D:2:      layout_loops_ring, grunt_temple_overflow_order_and_chaos_1,
          evilmike_ruin_ashenzari, first_ration

Skill      XL: |  1 |
---------------+----+-----
Unarmed Combat | 1 |  1.1
Fighting       | |  1.0
Short Blades   | |  1.0
Dodging        | |  2.0
Stealth        | |  1.9
Evocations     | |  3.4

Action                   || total
-------------------------++-------
Melee: Short sword       ||    17
       Constrict         ||     3
Evoke: Wand              ||     2
 Stab: Sleeping          ||     2
Armor: Skin              ||     1
Dodge: Dodged            ||    18

Table legend:
 A = Non-vault XP
 B = Vault XP
 C = Vault XP percentage of total XP
 D = Non-vault monster count
 E = Vault monster count
 F = Vault count percentage of total count
                 A         B        C        D         E       F
            +---------+---------+-------+---------+---------+-------
      Total |      12 |       0 |   0.0 |       9 |       0 |   0.0
            +---------+---------+-------+---------+---------+-------
        D:1 |       8 |       0 |   0.0 |       7 |       0 |   0.0
        D:2 |       4 |       0 |   0.0 |       2 |       0 |   0.0
            +---------+---------+-------+---------+---------+-------
